AoeStats
← Sigfrida

Arabia

510305415Analyzed
1v1 RM · 22h ago on Sep 30, 2026· 37m 19s· 2 players
Game mode
Random Map
Map size
Tiny (2 player)
Population
200
Speed
Normal
Resources
Standard
Victory
Conquest
Starting age
Dark Age
Ending age
Imperial Age
RankedLock teamsTeams togetherTeam positionsShared explorationLock speedFull tech treeHidden civsTurbo modeCheats
Victory
Defeat
🇨🇱 Magyars · Chile
567
+13
🇨🇳 Wu · China
501
-13
救世主
13:48 Feudal Age
18:28 Castle Age
25:29 Squires
26:31 Pikeman
29:24 Double-Bit Axe
29:31 Horse Collar
34:39 Forging
Sigfrida
8:32 Loom
11:39 Feudal Age
13:06 Double-Bit Axe
17:12 Wheelbarrow
18:45 Bloodlines
24:32 Castle Age
22:57 Gold Mining
26:22 Bow Saw
29:48 Scale Barding Armor
31:38 Town Watch
36:58 Imperial Age
35:35 Chain Barding Armor
36:18 Hand Cart
35:45 Elite Skirmisher
36:41 Husbandry
36:46 Town Watch
Connection lost

Rejoining the realm…

Still unreachable

The connection could not be restored.

Session expired

The server has moved on; the page needs a fresh start.